 Dungeon Crawl Stone Soup version 0.21.1-1-g345015f (webtiles) character file.

15 yevrey the Grave Robber (level 2, 0/22 HPs)
             Began as a Deep Dwarf Necromancer on June 6, 2018.
             Killed from afar by a dart slug (5 damage)
             ... with a slug dart
             ... on level 1 of the Dungeon.
             The game lasted 00:02:01 (411 turns).

yevrey the Grave Robber (Deep Dwarf Necromancer)     Turns: 411, Time: 00:02:02

Health: 0/22       AC:  3    Str: 11    XL:     2   Next: 34%
Magic:  5/5        EV: 13    Int: 15    God:
Gold:   40         SH:  0    Dex: 13    Spells: 3/5 levels left

rFire    . . .     SeeInvis .   d - +0 club
rCold    . . .     Gourm    .   (no shield)
rNeg     . . .     Faith    .   a - +0 robe
rPois    .         Spirit   .   e - +0 helmet
rElec    .         Reflect  .   (no cloak)
rCorr    .         Harm     .   (no gloves)
MR       .....                  (no boots)
Stlth    ++........             (no amulet)
HPRegen  0.00/turn              (no ring)
MPRegen  0.09/turn              (no ring)

@: non-regenerating
A: damage resistance, heal wounds, sense surroundings 1, no regeneration
a: Heal Wounds


You were on level 1 of the Dungeon.
You were not hungry.

You visited 1 branch of the dungeon, and saw 2 of its levels.

You collected 40 gold pieces.

Inventory:

Hand Weapons
 d - a +0 club (weapon)
Armour
 a - a +0 robe (worn)
 e - a +0 helmet (worn)
Wands
 g - a wand of enslavement (12)
Scrolls
 j - a scroll of teleportation {unknown}
Potions
 f - 2 potions of cancellation {unknown}
 i - a potion of invisibility {unknown}
Books
 b - a book of Necromancy

   Spells                             Type                      Level
   a - Pain                           Necromancy                   1
   b - Animate Skeleton               Necromancy                   1
   c - Vampiric Draining              Necromancy                   3
   d - Regeneration                   Charms/Necromancy            3
   e - Animate Dead                   Necromancy                   4
   f - Borgnjor's Vile Clutch         Necromancy/Earth             5
Comestibles
 c - 3 rations
 h - 6 chunks of flesh


   Skills:
 + Level 2.5 Dodging
 + Level 2.4 Stealth
 + Level 2.0 Spellcasting
 + Level 4.8 Necromancy


You had 3 spell levels left.
You knew the following spells:

 Your Spells              Type           Power        Failure   Level  Hunger
a - Pain                  Necr           ###.         3%          1    #......
b - Animate Skeleton      Necr           N/A          3%          1    #......


Dungeon Overview and Level Annotations

Branches:
Dungeon (2/15)

Altars:


Innate Abilities, Weirdness & Mutations

You are resistant to damage.
You can heal yourself by infusing magical energy.
You passively map a small area around you.
You do not regenerate.


Message History

Things that are here:
a dagger; a goblin corpse You start resting.
Your magical contamination has completely faded away.
You start resting.
Some of the chunks of flesh in your inventory have rotted away.
Magic restored.
Casting: Pain
Confirm with . or Enter, or press ? or * to list all spells.
You attempt to give life to the dead...
Before your eyes, flesh is ripped from the corpse!
The dead are walking!
Your leopard gecko skeleton crumbles into dust!
h - 6 chunks of flesh (gained 3)
You now have 40 gold pieces (gained 6).
You swap places.
A dart slug comes into view.
The dart slug launches a dart at you. The slug dart hits you!
You die...

##.....#......#.........#
#.....#......#.........# , *
#.....'..#####.........#####+
#.....#### #...............
#.....# ###...##........ ,
#.....# ########Z#..#........
#.....#
.........#..#........,
##+#### .......Z.+..#........
, .......@.#........... ,
.........#........... *
.........##..........
.........##..####+###
.......w.##......... ,
.........###........
.........# #........ *
########.#,.......## , , ,
..[>...#


You could see a dart slug, a friendly bat skeleton and a friendly goblin
skeleton.

Vanquished Creatures
  A leopard gecko (D:1)
  4 bats
  4 goblins
  A hobgoblin (D:1)
10 creatures vanquished.

Vanquished Creatures (collateral kills)
  A leopard gecko (D:1)
1 creature vanquished.

Grand Total: 11 creatures vanquished

Notes
Turn   | Place    | Note
-------+----------+-------------------------------------------
     0 | D:1      | yevrey the Deep Dwarf Necromancer began the quest for the Orb.
     0 | D:1      | Reached XP level 1. HP: 15/15 MP: 3/3
     2 | D:1      | Learned a level 1 spell: Animate Skeleton
   152 | D:1      | Reached XP level 2. HP: 11/22 MP: 4/4
   411 | D:1      | Killed from afar by a dart slug

Skill      XL: |  1  2 |
---------------+-------+-----
Spellcasting   | 2 |  2.0
Dodging        | |  2.5
Stealth        | |  2.4
Necromancy     | |  4.8

Action                   || total
-------------------------++-------
Melee: Club              ||    35
 Cast: Pain              ||    13
       Animate Skeleton  ||     5
Armor: Robe              ||    14
Dodge: Dodged            ||    32
